Map: 하드와이어 - 래더

Players

ByuN

  • Race: Terran Terran

Zoun - Winner!

  • Race: Protoss Protoss
  • League: Master

Event: DreamHack SC2 Masters Last Chance 2022

VOD

Have the link to the VOD?

Description

Time

  • Played on: Dec. 15, 2021, 6:01 a.m.
  • Length: 20:08

All games in this series

Show
View Real Time Build Order
Export as new Build Order

ByuN Terran 

Build Orders: Reaper Expand 

Get SALT Encoding   

  12  0:00  SCV  
  13  0:12  SCV  
  14  0:16  Supply Depot  
  14  0:24  SCV  
  15  0:38  SCV  
  15  0:40  Barracks  
  16  0:43  Refinery  
  16  0:50  SCV  
  17  1:02  SCV  
  18  1:14  SCV  
  19  1:27  Reaper, Orbital Command  
  20  1:45  Command Center  
  20  1:53  SCV  
  21  1:54  Supply Depot  
  21  1:59  Marine  
  22  2:06  Factory  
  22  2:09  SCV  
  23  2:15  Refinery  
  23  2:21  Barracks Reactor  
  23  2:23  SCV  
  24  2:35  SCV  
  25  2:47  SCV  
  25  2:51  Starport  
  26  2:54  Widow Mine  
  26  2:58  Orbital Command  
  28  2:59  SCV  
  28  3:00  Marine x2  
  31  3:11  SCV  
  32  3:16  Widow Mine  
  32  3:18  Marine x2  
  36  3:20  Supply Depot  
  36  3:24  SCV  
  36  3:25  SCV  
  30  3:27  Medivac  
  40  3:35  Marine  
  40  3:36  SCV, Marine  
  40  3:37  SCV  
  40  3:38  Factory Tech Lab  
  44  3:43  Bunker  
  44  3:44  Supply Depot  
  44  3:48  SCV  
  44  3:49  SCV  
  44  3:53  Marine x2  
  48  4:01  Barracks  
  48  4:02  Factory Tech Lab  
  48  4:03  SCV x2  
  48  4:06  Raven  
  48  4:09  Supply Depot  
  52  4:15  SCV x2, Refinery  
  54  4:23  Marine x2  
  56  4:27  SCV, Siege Tank  
  56  4:28  SCV  
  60  4:33  Supply Depot  
  60  4:38  Engineering Bay  
  60  4:40  SCV x2  
  60  4:41  Marine x2  
  64  4:50  Supply Depot  
  64  4:54  Barracks  
  64  4:57  Stimpack, Marine  
  64  4:58  Marine  
  64  4:59  Siege Tank, Marine  
  70  5:02  SCV  
  70  5:03  SCV  
  70  5:06  Supply Depot  
  72  5:10  Terran Infantry Weapons Level 1  
  72  5:14  SCV  
  73  5:15  SCV  
  73  5:16  Marine x2  
  73  5:20  Marauder  
  78  5:23  Refinery  
  78  5:24  Starport Reactor  
  78  5:26  SCV  
  78  5:27  Supply Depot, SCV  
  80  5:34  Marine x2  
  82  5:36  Siege Tank  
  82  5:38  SCV  
  82  5:39  SCV  
  82  5:41  Barracks Tech Lab  
  87  5:48  Supply Depot  
  87  5:50  Marauder  
  87  5:52  Marine x2  
  87  5:54  Supply Depot  
  91  6:02  Combat Shield  
  91  6:03  Marauder  
  93  6:10  Medivac  
  95  6:16  Medivac  
  95  6:17  Marine x2  
  99  6:20  Marauder  
  101  6:27  Supply Depot, Command Center  
  101  6:34  Marauder  
  101  6:35  Marine x2  
  101  6:38  Siege Tank  
  108  6:41  Marauder  
  108  6:45  Medivac  
  112  6:59  Marauder  
  112  7:00  Marine x2  
  116  7:02  Barracks  
  116  7:03  Marauder  
  116  7:04  Barracks  
  116  7:06  SCV, Terran Infantry Armor Level 1  
  116  7:07  SCV  
  120  7:12  Supply Depot  
  120  7:13  Supply Depot  
  120  7:16  Siege Tank  
  120  7:19  SCV  
  120  7:20  Concussive Shells  
  124  7:26  Marauder  
  126  7:33  Marine x2  
  126  7:34  Marauder  
  130  7:40  Viking x2  
  133  7:48  Supply Depot, Marine  
  134  7:52  Supply Depot  
  134  7:55  Marauder, Barracks Reactor, Marine x2  
  134  7:57  Barracks Tech Lab  
  135  8:06  Marauder  
  137  8:12  Marine  
  137  8:13  Marine  
  137  8:16  Marauder  
  137  8:17  Siege Tank  
  137  8:19  Marauder  
  144  8:27  Marauder  
  144  8:30  Medivac x2  
  148  8:34  Marine x2  
  148  8:38  Marauder  
  148  8:40  Marauder, Marine x2  
  152  8:49  Marauder, Siege Tank  
  152  8:55  Marine x2  
  146  8:57  SCV  
  146  8:59  Marauder  
  146  9:00  SCV  
  146  9:02  Marauder, Marine  
  131  9:09  SCV  
  125  9:10  Marauder  
  125  9:13  SCV  
  118  9:19  Orbital Command  
  118  9:21  Marauder, SCV  
  118  9:23  Marauder  
  114  9:24  Marine x2  
  114  9:25  Marine  
  113  9:31  Medivac x2  
  113  9:32  Marauder, Siege Tank  
  113  9:34  Marine  
  120  9:38  Ghost Academy  
  120  9:42  Marauder  
  120  9:45  Marauder, SCV x2  
  126  9:46  SCV  
  126  9:51  Refinery, Marine x2  
  126  9:52  Refinery  
  129  9:53  Marauder  
  129  9:58  Marine x2  
  133  10:03  Marauder  
  133  10:06  Marauder  
  137  10:07  Medivac x2  
  137  10:09  Marine x2  
  137  10:12  Siege Tank  
  146  10:14  Marauder  
  146  10:16  Marine  
  146  10:18  SCV x3  
  151  10:29  Missile Turret  
  151  10:30  Missile Turret  
  151  10:32  SCV x3  
  151  10:34  Missile Turret  
  130  10:47  Ghost x3  
  130  10:49  SCV x2  
  132  10:52  SCV  
  131  11:01  SCV x2  
  133  11:04  SCV  
  133  11:11  Marine x4  
  136  11:13  SCV x2  
  136  11:16  Marauder x3  
  136  11:17  SCV  
  147  11:25  SCV  
  148  11:32  Marine x3  
  151  11:34  Marine  
  151  11:37  Marauder x2  
  151  11:38  Marauder  
  139  11:53  Marine  
  140  11:57  Marine x2  
  140  11:58  Marine, Ghost  
  140  11:59  Marauder x2  
  144  12:17  Siege Tank  
  144  12:19  Ghost  
  144  12:30  SCV x2  
  144  12:31  Ghost, Marine x3  
  139  12:41  SCV  
  139  12:42  SCV  
  139  12:43  Ghost  
  136  12:45  Medivac  
  136  12:46  Medivac  
  136  12:49  Marauder  
  142  12:54  SCV  
  142  12:55  SCV x2  
  135  13:01  Marauder  
  136  13:06  SCV  
  136  13:07  SCV x2  
  136  13:10  Marauder  
  141  13:15  Liberator  
  141  13:19  SCV  
  145  13:22  Medivac  
  145  13:23  Marauder  
  145  13:24  Marine  
  150  13:29  Marine x2  
  150  13:34  Marine  
  150  13:42  Marauder x2  
  154  13:52  Medivac  
  154  13:54  Marauder  
  153  14:03  SCV  
  153  14:04  Marauder x2, SCV x2  
  153  14:07  Medivac  
  160  14:16  SCV x2  
  145  14:21  Marauder, Marine  
  145  14:23  Marine  
  135  14:25  Marauder  
  137  14:33  Marauder  
  137  14:34  Marine x2  
  131  14:42  Marauder, Medivac x2  
  137  14:46  Ghost  
  137  14:51  Marine x2  
  137  14:52  Marine  
  142  15:03  Ghost  
  142  15:05  Marauder  
  142  15:06  Marine  
  147  15:08  Marine  
  147  15:11  Marine x2  
  150  15:15  Marauder  
  152  15:26  Marauder  
  154  15:32  Marauder  
  137  15:40  Ghost  
  125  15:46  Ghost, Marine  
  125  15:47  Marine x3  
  124  15:54  Marauder  
  113  16:04  Marine x2  
  113  16:05  Marine x2  
  113  16:09  Marauder  
  107  16:15  Marauder  
  107  16:16  Marauder  
  102  16:22  Marine x2  
  102  16:23  Marine x2  
  101  16:31  Marauder  
  102  16:36  Ghost  
  102  16:37  Marauder  
  106  16:40  Marine x3  
  106  16:43  Marine  
  110  16:51  Ghost  
  112  16:58  Marauder  
  114  17:03  Marine x2  
  114  17:06  Marauder  
  118  17:10  Orbital Command  
  118  17:13  Marine x2  
  115  17:19  Marauder  
  115  17:20  Marine  
  115  17:21  Marauder  
  109  17:27  Marauder, Marine  
  95  17:41  Marauder  
  95  17:42  Marauder  
  98  17:45  Marine  
  98  17:49  Marauder  
  99  18:02  Medivac  
  84  18:17  Marauder  
  80  18:28  Marine x2  
  80  18:30  Marine x2  
  84  18:42  Marauder  
  86  18:52  Medivac  
  88  19:02  Medivac  
  90  19:15  Marauder, Marine  
  93  19:22  Medivac  
  63  19:46  Marine  
  63  19:47  Marine  
Show
View Real Time Build Order
Export as new Build Order

Zoun Protoss - Winner!

Build Orders: 1 Gate Expand, Blink Stalkers, Colossus Rush 

Get SALT Encoding   

  12  0:00  Probe  
  13  0:12  Probe  
  14  0:18  Pylon  
  14  0:24  Probe (Chrono Boost)  
  15  0:36  Probe (Chrono Boost)  
  15  0:41  Gateway  
  16  0:45  Probe (Chrono Boost)  
  16  0:48  Assimilator  
  17  0:50  Probe  
  18  1:03  Probe  
  19  1:15  Probe  
  20  1:29  Cybernetics Core  
  20  1:38  Probe  
  20  1:39  Nexus  
  21  1:48  Pylon  
  21  1:52  Probe  
  22  1:55  Assimilator  
  22  2:03  Adept (Chrono Boost)  
  22  2:04  Probe  
  22  2:07  Warp Gate  
  25  2:16  Probe  
  25  2:20  Twilight Council  
  26  2:29  Stalker  
  28  2:30  Probe  
  29  2:43  Probe (Chrono Boost)  
  30  2:51  Blink (Chrono Boost)  
  30  2:52  Probe (Chrono Boost)  
  30  2:55  Probe (Chrono Boost)  
  32  3:01  Probe (Chrono Boost)  
  32  3:02  Probe (Chrono Boost)  
  34  3:09  Gateway  
  34  3:11  Stalker  
  36  3:13  Probe  
  36  3:15  Probe  
  38  3:25  Probe  
  38  3:26  Shield Battery  
  39  3:28  Probe  
  40  3:36  Robotics Facility  
  40  3:37  Probe  
  41  3:42  Probe  
  41  3:45  Pylon  
  42  3:52  Probe  
  44  3:55  Probe  
  44  3:58  Pylon  
  44  4:04  Stalker x2  
  44  4:05  Probe  
  44  4:07  Assimilator, Probe  
  50  4:19  Probe  
  51  4:28  Stalker  
  51  4:29  Observer, Probe  
  55  4:31  Nexus  
  55  4:33  Pylon  
  55  4:34  Probe  
  56  4:38  Assimilator  
  56  4:40  Robotics Bay  
  56  4:42  Probe  
  56  4:45  Pylon  
  57  4:46  Probe  
  57  4:52  Shield Battery  
  58  4:53  Observer  
  58  4:54  Probe  
  58  4:59  Stalker, Probe  
  63  5:02  Stalker  
  63  5:06  Probe  
  66  5:10  Observer  
  66  5:11  Probe, Charge  
  67  5:18  Probe  
  67  5:20  Gateway  
  68  5:23  Gateway, Probe  
  68  5:24  Observer  
  69  5:28  Colossus (Chrono Boost)  
  69  5:34  Observer, Probe  
  76  5:42  Extended Thermal Lance  
  76  5:44  Probe  
  76  5:48  Probe  
  78  5:51  Observer  
  78  5:54  Gateway  
  78  5:56  Gateway  
  78  5:59  Pylon  
  78  6:01  Forge  
  78  6:03  Gateway  
  78  6:04  Sentry  
  78  6:07  Colossus (Chrono Boost)  
  86  6:14  Probe (Chrono Boost)  
  78  6:20  Probe (Chrono Boost)  
  78  6:21  Probe (Chrono Boost)  
  78  6:24  Probe (Chrono Boost)  
  79  6:27  Observer  
  79  6:28  Gateway, Probe (Chrono Boost)  
  79  6:30  Probe (Chrono Boost)  
  81  6:39  Stalker, Zealot x3  
  89  6:42  Protoss Ground Weapons Level 1 (Chrono Boost)  
  89  6:44  Probe x2  
  91  6:48  Observer, Pylon  
  91  6:51  Probe  
  92  6:55  Colossus (Chrono Boost)  
  92  6:56  Probe  
  92  7:01  Observer, Probe  
  99  7:03  Probe  
  99  7:06  Sentry  
  103  7:08  Probe  
  103  7:13  Probe  
  103  7:15  Probe  
  105  7:16  Zealot x2  
  105  7:20  Pylon  
  109  7:30  Pylon  
  109  7:32  Pylon  
  109  7:33  Dark Shrine  
  109  7:35  Observer  
  109  7:38  Stalker x3  
  109  7:39  Shield Battery  
  109  7:41  Stalker  
  117  7:46  Observer  
  117  7:53  Zealot x4  
  117  7:56  Assimilator, Probe x3  
  117  7:57  Disruptor (Chrono Boost)  
  128  8:00  Assimilator  
  131  8:08  Probe x2  
  133  8:12  Pylon  
  133  8:13  Pylon  
  133  8:14  Probe  
  133  8:18  Zealot x2  
  132  8:24  Observer  
  132  8:26  Disruptor (Chrono Boost)  
  128  8:28  Stalker x2  
  129  8:37  Zealot x2  
  129  8:42  Zealot x4  
  137  8:54  Zealot x2  
  131  8:56  Disruptor (Chrono Boost)  
  131  9:00  Zealot x2  
  100  9:04  Observer  
  100  9:05  Zealot x4  
  100  9:11  Probe  
  100  9:16  Probe  
  92  9:17  Probe  
  92  9:23  Probe  
  92  9:24  Warp Prism (Chrono Boost)  
  92  9:27  Shadow Stride  
  92  9:29  Probe x2  
  96  9:40  Nexus  
  96  9:41  Pylon  
  96  9:42  Sentry  
  98  9:47  Dark Templar x3  
  98  9:50  Colossus (Chrono Boost)  
  104  9:59  Shield Battery  
  110  10:00  Photon Cannon  
  110  10:04  Robotics Facility  
  110  10:05  Stalker x3  
  116  10:23  Stalker x4  
  123  10:32  Disruptor (Chrono Boost)  
  126  10:42  Zealot x4  
  126  10:57  Observer (Chrono Boost)  
  125  11:05  Zealot x8, Disruptor (Chrono Boost)  
  125  11:06  Protoss Ground Weapons Level 2 (Chrono Boost)  
  144  11:18  Photon Cannon  
  144  11:22  Disruptor (Chrono Boost)  
  144  11:25  Forge  
  147  11:33  Stalker, Disruptor (Chrono Boost)  
  147  11:35  Pylon x2  
  147  11:36  Dark Templar x3  
  158  11:44  Zealot x4  
  155  11:59  Zealot  
  155  12:00  Shield Battery  
  153  12:01  Disruptor (Chrono Boost)  
  155  12:12  Dark Templar x2  
  155  12:15  Disruptor  
  162  12:16  Zealot x5  
  172  12:36  Observer  
  166  12:42  Protoss Ground Armor Level 1 (Chrono Boost)  
  158  12:47  Pylon  
  158  12:48  Nexus, Pylon  
  158  12:51  Observer, Pylon  
  156  13:00  Disruptor  
  156  13:05  Disruptor  
  155  13:07  Zealot x6  
  155  13:08  Pylon  
  155  13:09  Dark Templar  
  172  13:18  Shield Battery  
  172  13:20  Photon Cannon  
  172  13:23  Dark Templar  
  172  13:24  Observer  
  174  13:38  Disruptor  
  174  13:41  Disruptor  
  173  13:46  Zealot x4  
  182  13:59  Pylon  
  182  14:00  Pylon  
  182  14:02  Dark Templar x2  
  182  14:03  Dark Templar x2  
  182  14:07  Archon x2  
  190  14:17  Nexus  
  188  14:18  Observer  
  188  14:22  Zealot x4  
  149  14:29  Probe x2  
  149  14:30  Pylon  
  149  14:36  Dark Templar x2, Sentry  
  151  14:41  Colossus (Chrono Boost)  
  156  14:50  Dark Templar  
  156  14:51  Dark Templar  
  160  15:04  Observer (Chrono Boost)  
  161  15:13  Zealot  
  161  15:14  Dark Templar x2  
  167  15:17  Observer (Chrono Boost), Shield Battery  
  168  15:22  Dark Templar  
  168  15:23  Dark Templar  
  150  15:40  Zealot x4  
  156  15:47  Stalker x2  
  142  15:57  Zealot x2  
  134  16:04  Dark Templar  
  134  16:05  Dark Templar x3  
  132  16:12  Stalker x2  
  134  16:18  Stalker  
  134  16:28  Gateway  
  134  16:29  Gateway  
  132  16:38  Dark Templar  
  132  16:39  Dark Templar  
  136  16:40  Dark Templar  
  136  16:41  Zealot x4  
  144  17:02  Stalker x4  
  152  17:11  Zealot x2  
  154  17:19  Stalker  
  134  17:25  Zealot x2, Dark Templar  
  118  17:32  Stalker x2  
  118  17:33  Stalker  
  114  17:46  Stalker x2  
  112  17:51  Gateway  
  112  17:53  Gateway  
  112  18:02  Zealot x4  
  112  18:05  Immortal x2 (Chrono Boost), Zealot  
  118  18:15  Zealot  
  109  18:22  Zealot x4  
  109  18:26  Stalker  
  111  18:35  Pylon  
  111  18:37  Stalker, Colossus  
  111  18:40  Pylon  
  117  18:44  Zealot  
  117  18:45  Zealot x3  
  122  18:49  Stalker x2  
  126  19:01  Stalker  
  126  19:12  Zealot, Dark Templar  
  126  19:13  Zealot  
  126  19:14  Zealot x3  
  134  19:23  Zealot  
  132  19:29  Zealot  
  130  19:32  Gateway  
  130  19:34  Gateway  
  130  19:37  Zealot x4  
  126  19:45  Zealot x2  
  108  19:52  Zealot  
  96  20:03  Stalker x4  

Tags
 
Add a new tag
Caveats
  • Supply blocks, unpowered buildings, or Contaminate may cause inaccurate times.
  • Supply counts are checked every 10 seconds.